 Dungeon Crawl Stone Soup version 0.23-a0-402-g64599a1 (console) character file.

195 bli the Insei (level 5, -1/31 (33) HPs)
             Began as an Octopode Transmuter on Nov 4, 2018.
             Was an Initiate of Ru.
             Slain by an orc
             ... wielding a +0 falchion
              (6 damage)
             ... on level 3 of the Dungeon.
             The game lasted 00:08:50 (2580 turns).

bli the Insei (Octopode Transmuter)                 Turns: 2580, Time: 00:08:51

HP:   -1/31 (33)    AC:  1    Str: 10    XL:     5   Next: 74%
MP:   6/8           EV: 13    Int: 15    God:    Ru [......]
Gold: 136           SH:  0    Dex: 13    Spells: 2/8 levels left

rFire    . . .     SeeInvis .     - Unarmed
rCold    . . .     Gourm    .   (no shield)
rNeg     . . .     Faith    .   (helmet restricted)
rPois    .         Spirit   .   (no amulet)
rElec    .         Reflect  .   f - ring of stealth
rCorr    .         Harm     .   (no ring)
MR       .....                  (no ring)
Stlth    +++.......             (no ring)
HPRegen  0.00/turn              (no ring)
MPRegen  0.11/turn              (no ring)
                                (no ring)
                                (no ring)

@: appendage (expiring), non-regenerating, diseased
A: almost no armour, stealthy swim, amphibious, 8 rings, constrict 8, tentacle
spike 3, camouflage 1, gelatinous body 1
a: End Transformation, Renounce Religion


You were on level 3 of the Dungeon.
You worshipped Ru.
Ru was noncommittal.
You were not hungry.
One of your tentacles had a temporary spike.
You visited 1 branch of the dungeon, and saw 3 of its levels.

You collected 136 gold pieces.

Inventory:

Hand Weapons
 s - a +1 flail of protection
Missiles
 a - 74 arrows
 e - 115 stones (quivered)
Jewellery
 f - a ring of stealth (left tentacle)
Scrolls
 g - 2 scrolls of identify
 h - a scroll of immolation {unknown}
 k - a scroll of random uselessness
 l - a scroll of enchant armour {unknown}
 n - a scroll of enchant weapon {unknown}
 p - a scroll of fog {unknown}
 r - a scroll of fear {unknown}
Potions
 b - a potion of lignification {unknown}
 d - a potion of curing {unknown}
 j - 2 potions of flight {unknown}
 m - a potion of agility {unknown}
 o - a potion of ambrosia {unknown}
 q - a potion of brilliance
Comestibles
 c - 9 rations
 i - 10 chunks of flesh


   Skills:
 + Level 1.1 Fighting
 + Level 2.0 Dodging
 * Level 6.2 Unarmed Combat
 - Level 2.0 Spellcasting
 - Level 2.0 Transmutations


You had 2 spell levels left.
You knew the following spells:

 Your Spells              Type           Power        Failure   Level  Hunger
a - Beastly Appendage     Tmut           #.....       10%         1    #......
s - Spider Form           Tmut/Pois      #.........   41%         3    ###....
S - Sticks to Snakes      Tmut           #.......     14%         2    ###....

Your spell library contained the following spells:

 Spells                   Type           Power        Failure   Level  Hunger
 Ice Form                 Ice/Tmut       #.......     82%         4    #####..
 Blade Hands              Tmut           #.........   95%         5    ######.


Dungeon Overview and Level Annotations

Branches:
Dungeon (3/15)

Altars:
Cheibriados
Fedhas
Gozag
Ru


Innate Abilities, Weirdness & Mutations

You cannot wear most types of armour.
You are very stealthy in the water. (Stealth+)
You are amphibious.
You can wear up to eight rings at the same time.
You can use your tentacles to constrict eight enemies at once.
Your skin changes colour to match your surroundings (Stealth+).
Your rubbery body absorbs attacks. (AC +1, EV +1)
One of your tentacles bears a large vicious spike.


Message History

The goblin is moderately wounded.
Your ball python bites the orc but does no damage.
Your ball python grabs the orc.
Your ball python constricts the orc.
The orc struggles to escape constriction.
The orc misses you.
The goblin splashes around in the water.
You closely miss the goblin. Your grab misses the goblin.
You pierce the You kill the goblin!
You hear a splash.
Your ball python bites the orc.
Your ball python constricts the orc.
The orc Your ball python bites the orc.
Your ball python constricts the orc.
The orc hits your ball python with a +0 mace.
Things that are here:
a +0 dagger; a goblin corpse Your transformation is almost over.
Your ball python bites the orc but does no damage.
Your ball python constricts the orc.
The orc barely misses your ball python.
Your ball python bites the orc but does no damage.
Your ball python constricts the orc.
The orc hits you with a +0 falchion.
You die...

####.# #.#.# ....####.#.# #.
......#.#.# # #.
#..##.#.#.###### #.
#.##..##.#........#
#.##..#..##.......##.#
##..........(o.....##.##...
##...≈≈≈(..######...........
#..≈≈≈≈≈≈≈..## #..###.##.##
..≈≈≈S≈≈≈≈≈..# #n.# #
.≈≈≈≈o≈)≈≈≈≈@## #†.....#
.≈≈≈≈.<.≈≈≈≈o.# ...#####
≈≈≈≈♣PP.♣n≈)≈.#.....
≈≈≈≈PP_.P≈≈≈≈.....!..
≈≈≈≈...P.≈≈≈≈.........
.≈≈≈≈P>♣≈≈≈≈.....>....'
≈≈≈≈≈≈≈≈≈≈≈..........#.
≈≈≈≈≈≈≈≈≈........
≈≈≈≈≈≈≈....#....
.≈≈≈...#####...


You could see a necrophage, 2 orcs and a friendly ball python.

Vanquished Creatures
  A worker ant (D:3)
  An orc wizard (D:3)
  6 adders
  3 worms
  7 orcs (D:3)
  3 ball pythons
  10 bats
  2 giant cockroaches
  7 hobgoblins
  10 kobolds
  A quokka (D:2)
  5 frilled lizards
  12 goblins
  A leopard gecko zombie (D:3)
  5 rats
74 creatures vanquished.

Vanquished Creatures (others)
  A plant (D:3)
1 creature vanquished.

Grand Total: 75 creatures vanquished

Notes
Turn   | Place    | Note
-------+----------+-------------------------------------------
     0 | D:1      | bli the Octopode Transmuter began the quest for the Orb.
     0 | D:1      | Reached XP level 1. HP: 13/13 MP: 3/3
   342 | D:1      | Reached XP level 2. HP: 18/18 MP: 5/5
   565 | D:1      | Reached skill level 4 in Unarmed Combat
   833 | D:1      | Reached XP level 3. HP: 23/23 MP: 4/6
  1201 | D:2      | Reached XP level 4. HP: 13/28 MP: 5/7
  1208 | D:2      | Learned a level 2 spell: Sticks to Snakes
  1489 | D:2      | Found an opulent altar of Gozag.
  1567 | D:2      | Reached skill level 5 in Unarmed Combat
  1806 | D:2      | Found a sacrificial altar of Ru.
  1817 | D:2      | Became a worshipper of Ru the Awakened
  1940 | D:3      | Found a snail-covered altar of Cheibriados.
  2014 | D:3      | Reached XP level 5. HP: 29/33 MP: 8/8
  2388 | D:3      | Reached skill level 6 in Unarmed Combat
  2409 | D:3      | Learned a level 3 spell: Spider Form
  2541 | D:3      | Noticed a necrophage
  2561 | D:3      | Found a blossoming altar of Fedhas.
  2580 | D:3      | Slain by an orc

Vault maps used:
D:1:      dpeg_arrival_yet_another_circle, minmay_pentomino_w4
D:2:      nicolae_ru_the_path_less_chosen, nicolae_gozag_seed_capital
D:3:      fedhas_ov_isle_minmay, cheibriados_altar_1, first_ration,
          grunt_decor_resistance, palyth_stone_intersect, tso_altar

Skill      XL: |  1  2  3  4  5 |
---------------+----------------+-----
Unarmed Combat | 4 5 6 |  6.2
Fighting       | |  1.1
Dodging        | |  2.0
Spellcasting   | |  2.0
Transmutations | |  2.0

Action                   |  1- 3 |  4- 6 || total
-------------------------+-------+-------++-------
Melee: Unarmed           |    68 |    86 ||   154
       Constrict         |    18 |    23 ||    41
       Tentacles         |    11 |    11 ||    22
       Kick              |     5 |    13 ||    18
       Punch             |     1 |     2 ||     3
Throw: Stone             |     1 |     3 ||     4
 Cast: Beastly Appendage |    11 |    17 ||    28
       Sticks to Snakes  |       |     3 ||     3
  Use: Scroll            |     2 |     1 ||     3
 Stab: Sleeping          |     7 |     6 ||    13
  Eat: Chunk             |     1 |     5 ||     6
Armor: Skin              |    10 |     6 ||    16
Dodge: Dodged            |    51 |    54 ||   105

Table legend:
 A = Non-vault XP
 B = Vault XP
 C = Vault XP percentage of total XP
 D = Non-vault monster count
 E = Vault monster count
 F = Vault count percentage of total count
                 A         B        C        D         E       F
            +---------+---------+-------+---------+---------+-------
      Total |     269 |      10 |   3.6 |      68 |       6 |   8.1
            +---------+---------+-------+---------+---------+-------
        D:1 |      27 |      10 |  27.0 |      16 |       6 |  27.3
        D:2 |      89 |       0 |   0.0 |      28 |       0 |   0.0
        D:3 |     153 |       0 |   0.0 |      24 |       0 |   0.0
            +---------+---------+-------+---------+---------+-------
